 Dungeon Crawl Stone Soup version 0.29-a0-775-g4d7333d4e2 (webtiles) character file.

Game seed: 13242850663435281995

201 gobodom the Magician (level 5, -11/32 HPs)
             Began as an Octopode Hedge Wizard on July 1, 2022.
             Was a Believer of Makhleb.
             Killed from afar by an acid dragon (16 damage)
             ... with a splash of acid
             ... on level 4 of the Dungeon.
             The game lasted 00:12:21 (4310 turns).

gobodom the Magician (Octopode Hedge Wizard)        Turns: 4310, Time: 00:12:22

Health: -11/32     AC: -1    Str: 11    XL:     5   Next: 79%
Magic:  7/11       EV: 13    Int: 16    God:    Makhleb [**....]
Gold:   204        SH:  0    Dex: 12    Spells: 9/12 levels left

rFire   . . .      SeeInvis .   p - +2 dagger (speed)
rCold   . . .      Faith    .   (no shield)
rNeg    . . .      Spirit   .   b - +2 hat
rPois   .          Reflect  .   (no amulet)
rElec   .          Harm     .   j - ring of wizardry
rCorr   .          Rampage  .   (no ring)
Will    .....                   (no ring)
Stlth   +++.......              (no ring)
HPRegen 0.10/turn               (no ring)
MPRegen 0.12/turn               (no ring)
                                (no ring)
                                (no ring)

@: corroded
A: almost no armour, amphibious, 8 rings, camouflage 1, gelatinous body 1,
(nimble swimmer 1), tentacles
a: Renounce Religion, Minor Destruction


You were on level 4 of the Dungeon.
You worshipped Makhleb.
Makhleb was pleased with you.
You visited 1 branch of the dungeon, and saw 4 of its levels.

You collected 204 gold pieces.

Inventory:

Hand Weapons
 a - a +1 dagger of draining
 p - a +2 dagger of speed (weapon)
 s - a +4 quarterstaff of chaos
 t - a +0 hammer of protection
Missiles
 h - 2 poisoned darts
Armour
 b - a +2 hat (worn)
Jewellery
 j - a ring of wizardry (left tentacle)
Scrolls
 d - a scroll of vulnerability {unknown}
 e - a scroll of teleportation {unknown}
 k - a scroll of magic mapping {unknown}
 m - a scroll of immolation {unknown}
 n - a scroll of blinking
 o - a scroll of identify
 q - a scroll of fear {unknown}
 r - a scroll of enchant armour
Potions
 c - a potion of magic
 f - a potion of might
 g - a potion of brilliance {unknown}
 i - 2 potions of curing {unknown}
 l - a potion of degeneration {unknown}


   Skills:
 + Level 0.4 Fighting
 + Level 1.9 Short Blades
 + Level 2.4 Dodging
 + Level 4.2 Stealth
 + Level 4.3 Spellcasting
 + Level 2.1 Conjurations
 + Level 1.0 Summonings
 + Level 1.0 Translocations


You had 9 spell levels left.
You knew the following spells:

 Your Spells              Type           Power      Damage    Failure   Level
a - Magic Dart            Conj           40%        1d5       2%          1
b - Call Imp              Summ           6%         N/A       6%          2

Your spell library contained the following spells:

 Spells                   Type           Power      Damage    Failure   Level
 Slow                     Hex            12%        N/A       6%          1
 Blink                    Tloc           12%        N/A       6%          2
 Conjure Flame            Conj/Fire      6%         6-21      12%         3
 Mephitic Cloud           Conj/Pois/Air  5%         N/A       16%         3
 Confusing Touch          Hex            3%         N/A       19%         3
 Vampiric Draining        Necr           3%         2d6       19%         3


Dungeon Overview and Level Annotations

Branches:
Dungeon (4/15)
 Temple: D:4-7

Altars:
Makhleb

Annotations:
D:4 Dowan, Duvessa, Eustachio


Innate Abilities, Weirdness & Mutations

You cannot wear most types of armour.
You are amphibious.
You can wear up to eight rings at the same time.
Your skin changes colour to match your surroundings (Stealth+).
Your rubbery body absorbs attacks. (AC +1, EV +1)
((You are camouflaged when in or above water. (Stealth+)))
You have tentacles for arms and can constrict up to eight enemies at once.


Message History

You swap places.
Your shadow imp hits the acid dragon but does no damage.
The acid dragon spits acid at you.
The splash of acid hits your shadow imp!
The acid corrodes your shadow imp!
Your shadow imp dies!
Your shadow imp disappears in a puff of smoke!
There is an open door here.
Casting: Call Imp (safe; 6% risk of failure)
Confirm with . or Enter, or press ? or * to list all spells.
A beastly little devil appears in a puff of flame.
The acid dragon attacks as you move away!
The acid dragon closely misses you. The acid dragon claws you.
* * * LOW HITPOINT WARNING * * *
The acid dragon attacks as you move away!
The acid dragon barely misses you. The acid dragon claws you.
* * * LOW HITPOINT WARNING * * *
The acid dragon attacks as you move away!
The acid dragon completely misses you. The acid dragon closely misses you.
Your crimson imp barely misses the acid dragon.
Your crimson imp barely misses the acid dragon.
You closely miss the acid dragon. The acid dragon misses you. x2
You hit the acid dragon but do no damage.
Your crimson imp hits the acid dragon.
You hit the acid dragon but do no damage.
The acid dragon is lightly wounded.
The acid dragon misses you. The acid dragon barely misses you.
You barely miss the acid dragon.
The acid dragon is lightly wounded.
Your crimson imp barely misses the acid dragon.
You hit the acid dragon but do no damage.
The acid dragon is lightly wounded.
The acid dragon closely misses you. x2
Your crimson imp hits the acid dragon but does no damage.
You hit the acid dragon.
The acid dragon is lightly wounded.
The acid dragon spits acid at you. The splash of acid hits you!
Ouch! That really hurt!
You die...

# ### ######
#.##########:#####....#
..........##+#.@.).##.#
#......#..#D#.#.##.#
#.....<#..'5..#..)†#
#......###########)##
#......#w.....#.....#
##......#.#..#.#.#.#.#
#.........#..##..#.)#..#
.########.#..##..#†#.#.#
#.#.#..#.'.....#


You could see an acid dragon (catching breath, ally target) and a friendly
crimson imp (summoned).

Vanquished Creatures
  Crazy Yiuf (D:3)
  2 adders
  3 gnolls (D:2)
  An ufetubus (D:4)
  2 worms
  A dart slug (D:1)
  9 orcs
  5 endoplasms
  5 giant cockroaches
  9 goblins
  8 hobgoblins
  10 jackals
  9 quokkas
  6 ball pythons
  4 bats
  6 frilled lizards
  9 kobolds
  6 rats
96 creatures vanquished.

Vanquished Creatures (others)
  A fungus (D:3)
1 creature vanquished.

Grand Total: 97 creatures vanquished

Notes
Turn   | Place    | Note
-------+----------+-------------------------------------------
     0 | D:1      | gobodom the Octopode Hedge Wizard began the quest for the
                  | Orb.
     0 | D:1      | Reached XP level 1. HP: 11/11 MP: 4/4
   257 | D:1      | Reached XP level 2. HP: 17/17 MP: 0/6
   887 | D:1      | Reached XP level 3. HP: 21/21 MP: 5/8
  1905 | D:2      | Reached XP level 4. HP: 27/27 MP: 2/10
  2122 | D:2      | Reached skill level 1 in Short Blades
  2470 | D:2      | Found a faded altar of an unknown god.
  2474 | D:2      | Prayed at the altar of an unknown god.
  2474 | D:2      | Became a worshipper of Makhleb the Destroyer
  2474 | D:2      | Reached * piety under Makhleb
  2821 | D:3      | Reached XP level 5. HP: 31/31 MP: 11/11
  3048 | D:3      | Reached ** piety under Makhleb
  3733 | D:3      | Found a runed translucent door.
  3734 | D:3      | Noticed Crazy Yiuf
  3742 | D:3      | Killed Crazy Yiuf
  3975 | D:4      | Noticed Eustachio
  4031 | D:4      | Noticed Duvessa
  4031 | D:4      | Noticed Dowan
  4032 | D:4      | Noticed an acid dragon
  4291 | D:4      | Learned a level 2 spell: Call Imp
  4310 | D:4      | Killed from afar by an acid dragon

Illustrated notes

Levels and vault maps discovered:
D:1:      minmay_arrival_radiant_lines, layout_loops_corners
D:2:      layout_rooms, chequers_ecumenical_altar_simple_redux,
          grunt_ministairs_4, minmay_pentomino_q2
D:3:      layout_loops_ring, uniq_crazy_yiuf_cottage
D:4:      minmay_clustersquares, layout_basic, mainiacjoe_overflow_paths,
          mainiacjoe_overflow_divided_tiny, uniq_eustachio, uniq_duvessa

Skill      XL: |  1  2  3  4  5 |
---------------+----------------+-----
Stealth        | 3 4 |  4.2
Spellcasting   | 4 |  4.3
Short Blades   | 1 |  1.9
Conjurations   | 2 |  2.1
Fighting       | |  0.4
Dodging        | |  2.4
Summonings     | |  1.0
Translocations | |  1.0

Action                   |  1- 3 |  4- 6 || total
-------------------------+-------+-------++-------
Melee: Dagger            |    15 |   110 ||   125
       Tentacles         |     4 |    30 ||    34
       Constrict         |     3 |    23 ||    26
       Punch             |       |     4 ||     4
 Cast: Magic Dart        |    87 |    70 ||   157
       Call Imp          |       |     3 ||     3
  Use: Scroll            |       |     4 ||     4
 Stab: Sleeping          |       |    10 ||    10
Armor: Skin              |     1 |     9 ||    10
Dodge: Dodged            |     9 |    85 ||    94

Table legend: (Time is in decaauts)
 A = Elapsed time spent in this place.
 B = Non-inter-level travel time spent in this place.
 C = Inter-level travel time spent in this place.
 D = Time resting spent in this place.
 E = Time spent auto-exploring this place.
 F = Levels seen in this place.
 G = Mean time per level.
                   A        B        C        D        E       F      G
               +--------+--------+--------+--------+--------+-----+--------+
         Total |   4279 |   4177 |    102 |    107 |   3417 |   4 | 1069.8 |
       Dungeon |   4279 |   4177 |    102 |    107 |   3417 |   4 | 1069.8 |
               +--------+--------+--------+--------+--------+-----+--------+

Top non-repeatable levels by time:
     D:1: 1654 daAuts
     D:2: 1149 daAuts
     D:3: 1133 daAuts
     D:4: 342 daAuts
